 Dungeon Crawl Stone Soup version 0.17.0-1-g61d176b (webtiles) character file.

639 oplop the Sneak (level 7, -6/38 HPs)
             Began as a Vine Stalker Assassin on Nov 7, 2015.
             Mangled by an orc wizard
             ... wielding a +3 scimitar
              (7 damage)
             ... on level 4 of the Dungeon.
             The game lasted 00:06:12 (2186 turns).

oplop the Sneak (Vine Stalker Assassin)             Turns: 2186, Time: 00:06:12

Health: -6/38      AC:  3    Str: 13    XL:     7   Next: 50%
Magic:  0/8        EV: 11    Int: 11    God:
Gold:   140        SH:  0    Dex: 18    Spells: 0 memorised, 6 levels left

rFire  . . .     SeeInvis .     a - +2 dagger
rCold  + . .     Clarity  .     c - +0 robe
rNeg   . . .     SustAt   .     (no shield)
rPois  .         Gourm    .     (no helmet)
rElec  .         Spirit   +     d - +0 cloak
rCorr  .         Warding  .     (no gloves)
rMut   .         Stasis   .     (no boots)
MR     +....                    (no amulet)
Stlth  ++++......               n - ring of protection from cold
                                y - ring of protection from magic

@: lethally poisoned (-6 -> -7), somewhat resistant to hostile enchantments,
stealthy
A: fangs 2, regeneration 2, magic shield, antimagic bite, no device heal 3, rot
immunity
a: no special abilities


You were on level 4 of the Dungeon.
You were not hungry.

You visited 1 branch of the dungeon, and saw 4 of its levels.

You collected 140 gold pieces.

Inventory:

Hand Weapons
 a - a +2 dagger (weapon)
 b - a +0 blowgun
Missiles
 f - 2 throwing nets (quivered)
 t - 5 curare-tipped needles
 E - 5 poisoned needles
Armour
 c - a +0 robe (worn)
 d - a +0 cloak (worn)
Jewellery
 e - an uncursed ring of flight
 n - a ring of protection from cold (right hand)
 y - a ring of protection from magic (left hand)
Scrolls
 i - 2 scrolls of identify {unknown}
 k - a scroll of teleportation {unknown}
 o - 2 scrolls of blinking {unknown}
 q - a scroll of fear {unknown}
 r - a scroll of enchant armour {unknown}
 u - 3 scrolls of remove curse {unknown}
 A - 3 scrolls of fog {unknown}
 C - a scroll of amnesia {unknown}
 D - a scroll of magic mapping {unknown}
Potions
 h - a potion of heal wounds {unknown}
 l - 4 potions of curing {unknown}
 s - a potion of cure mutation {unknown}
 w - a potion of invisibility {unknown}
 x - a potion of agility {unknown}
Comestibles
 g - 4 bread rations
 j - 3 royal jellies
 m - a slice of pizza
 p - 2 meat rations
 v - 10 fruits
 z - a beef jerky
 B - a chunk of flesh


   Skills:
 + Level 4.5 Fighting
 + Level 4.3 Short Blades
 - Level 1.7 Throwing
 - Level 0.7 Dodging
 + Level 7.7 Stealth


You had 6 spell levels left.
You didn't know any spells.

Dungeon Overview and Level Annotations

Branches:
Dungeon (4/15)
 Temple: D:4-7

Altars:
Gozag
Nemelex Xobeh
Okawaru
Zin

Annotations:
D:4 Pikel


Innate Abilities, Weirdness & Mutations

You have extremely sharp teeth.
You heal very quickly.
When hurt, damage is shared between your health and your magic reserves.
Your bite disrupts and absorbs the magic of your enemies.
Potions and wands cannot restore your health.
You are immune to rotting.


Message History

Press: ? - help, Shift-Dir - straight line, f - orc wizard
Aim: an orc wizard, wielding an enchanted scimitar and wearing a robe (moderately wounded)
You shoot a poisoned needle.
The poisoned needle hits the orc wizard!
The orc wizard is poisoned.
The orc wizard is moderately wounded.
You feel sick. The orc wizard casts a spell at you. The puff of flame hits you!
* * * LOW HITPOINT WARNING * * *
a - a +2 dagger (weapon)
* * * LOW HITPOINT WARNING * * *
You feel sick.
Throwing (i - inventory):
f - 3 throwing nets (quivered)
Press: ? - help, Shift-Dir - straight line, f/p - orc wizard
Aim: an orc wizard, wielding an enchanted scimitar and wearing a robe (moderately wounded, poisoned)
You throw a throwing net.
The throwing net barely misses the orc wizard.
The orc wizard hits you with an enchanted scimitar!
You die...

..# #....=..##. ####.
###..###. #...#..#..
.........####.....#.#
....#.#.............#
....#.#.# #.........######..
).....#.# #....$...†#.......
........###...........# ....
).#.........###......###....
.## #......####.@.##.#....#
## #..........o..........#
##.....###....###..>.#.#
####.............#...##.#.#
..........................#
#####..##......#...#####..#
#.###...........## ..#
#....(#....)..†..###.##
...........).)...#.....


You could see an orc wizard.

Vanquished Creatures
  Sigmund (D:2)
  An ogre (D:4)
  A slave (D:3)
  A scorpion (D:4)
  A hound (D:4)
  2 worker ants (D:4)
  3 orc wizards
  An orc priest (D:4)
  An adder (D:2)
  6 gnolls
  3 oozes
  A worm (D:2)
  2 giant geckos
  9 orcs
  A giant cockroach (D:3)
  5 goblins
  7 hobgoblins
  8 jackals
  3 kobolds
  2 quokkas (D:2)
  A ball python skeleton (D:4)
  7 bats
  5 giant newts
  6 rats
78 creatures vanquished.

Notes
Turn   | Place    | Note
--------------------------------------------------------------
     0 | D:1      | oplop the Vine Stalker Assassin began the quest for the Orb.
     0 | D:1      | Reached XP level 1. HP: 11/11 MP: 2/2
    90 | D:1      | Reached XP level 2. HP: 9/15 MP: 3/3
   106 | D:1      | Reached skill level 5 in Stealth
   686 | D:2      | Reached XP level 3. HP: 19/19 MP: 4/4
   701 | D:2      | Noticed Sigmund
   754 | D:2      | Killed Sigmund
   754 | D:2      | Reached skill level 6 in Stealth
   754 | D:2      | Reached XP level 4. HP: 10/24 MP: 2/5
   754 | D:2      | Reached XP level 5. HP: 11/28 MP: 2/6
  1079 | D:2      | Gained mutation: You heal very quickly. [Vine Stalker growth]
  1079 | D:2      | Reached XP level 6. HP: 32/32 MP: 7/7
  1500 | D:3      | Found a sparkling altar of Nemelex Xobeh.
  1503 | D:3      | Found a glowing silver altar of Zin.
  1509 | D:3      | Found an iron altar of Okawaru.
  1509 | D:3      | Found an opulent altar of Gozag.
  1910 | D:4      | Reached skill level 7 in Stealth
  1910 | D:4      | Reached XP level 7. HP: 12/37 MP: 3/8
  1962 | D:4      | Noticed Pikel
  2184 | D:4      | HP: 1/38 [orc wizard/puff of flame (8)]
  2186 | D:4      | Mangled by an orc wizard

Action                   |  1- 3 |  4- 6 |  7- 9 || total
-------------------------+-------+-------+-------++-------
Melee: Dagger            |    53 |   125 |    44 ||   222
 Fire: Blowgun           |     6 |    13 |    11 ||    30
Throw: Throwing net      |       |       |     1 ||     1
 Stab: Sleeping          |    10 |    13 |     3 ||    26
  Eat: Chunk             |       |     3 |     1 ||     4
